Map: King's Cove LE

Players

SpeCial - Winner!

  • Race: Terran Terran
  • Spawn Location: 5:00

Nerchio

  • Race: Zerg Zerg
  • Spawn Location: 11:00

Event: 2019 WCS Summer

VOD

Have the link to the VOD?

Description

Time

  • Played on: July 12, 2019, 3:45 p.m.
  • Length: 24:14

All games in this series

Show
View Real Time Build Order
Export as new Build Order

SpeCial Terran - Winner!

Build Orders: Hellion Opening, Reaper Expand, Mech 

Get SALT Encoding   

  12  0:00  SCV  
  13  0:12  SCV  
  14  0:17  Supply Depot  
  14  0:24  SCV  
  15  0:39  SCV  
  15  0:41  Barracks  
  16  0:45  Refinery  
  16  0:51  SCV  
  17  1:03  SCV  
  18  1:15  SCV  
  19  1:28  Reaper  
  19  1:29  Orbital Command  
  20  1:41  Command Center  
  20  1:52  Supply Depot  
  20  1:54  SCV  
  20  2:00  Marine  
  22  2:06  SCV  
  23  2:10  Factory  
  23  2:15  Refinery  
  23  2:18  SCV  
  24  2:23  Barracks Reactor  
  24  2:31  SCV  
  25  2:43  SCV  
  26  2:48  Bunker  
  26  2:55  SCV, Starport  
  27  3:06  Hellion x2  
  27  3:08  Barracks Tech Lab  
  27  3:09  Orbital Command, SCV  
  32  3:21  SCV  
  33  3:31  Hellion x2  
  35  3:35  SCV  
  35  3:36  SCV  
  37  3:46  Raven  
  37  3:48  SCV  
  40  3:49  Supply Depot  
  40  3:51  SCV  
  40  3:52  Marine  
  42  3:56  Hellion x2  
  46  4:11  SCV x2  
  46  4:13  Supply Depot  
  48  4:17  Hellion  
  48  4:18  Hellion  
  48  4:23  SCV x2  
  54  4:30  Command Center  
  54  4:34  Raven  
  54  4:35  SCV  
  54  4:37  Supply Depot  
  55  4:39  Hellion  
  55  4:41  Hellion  
  55  4:43  SCV  
  60  4:47  SCV  
  61  4:55  SCV  
  61  4:59  SCV  
  63  5:00  Refinery x2  
  63  5:04  Hellion  
  63  5:05  Hellion  
  67  5:07  SCV  
  67  5:11  SCV  
  67  5:20  Barracks Tech Lab, SCV  
  65  5:22  Factory  
  65  5:23  SCV  
  65  5:25  Factory  
  65  5:27  Hellion  
  65  5:28  Hellion  
  66  5:32  Armory, SCV  
  61  5:35  SCV  
  62  5:43  Orbital Command  
  62  5:44  SCV  
  62  5:45  Supply Depot  
  62  5:47  SCV  
  64  5:56  SCV, Hellion  
  64  5:57  Hellion  
  69  6:00  SCV  
  70  6:08  SCV  
  71  6:11  Orbital Command, Supply Depot  
  71  6:12  SCV  
  71  6:15  Supply Depot  
  71  6:18  Hellion x2  
  76  6:20  SCV  
  76  6:21  Terran Vehicle Weapons Level 1  
  76  6:24  SCV, Cyclone  
  76  6:25  Cyclone  
  84  6:27  Infernal Pre-Igniter  
  84  6:32  SCV  
  85  6:36  SCV  
  85  6:37  SCV  
  87  6:47  Starport Reactor  
  87  6:50  SCV  
  87  6:52  SCV  
  89  6:54  Hellion, Factory  
  89  6:55  SCV, Hellion  
  89  6:56  Factory  
  89  6:58  Cyclone x2  
  100  7:02  SCV  
  100  7:04  SCV  
  100  7:05  Supply Depot  
  100  7:06  Supply Depot  
  100  7:07  SCV  
  103  7:08  Refinery x2  
  103  7:11  Armory  
  103  7:15  SCV  
  104  7:16  SCV  
  104  7:20  SCV  
  106  7:27  Hellion x2  
  110  7:31  SCV x2  
  110  7:33  SCV  
  112  7:37  Supply Depot  
  112  7:43  SCV x2  
  112  7:44  Siege Tank x2  
  112  7:45  Factory Tech Lab, SCV, Starport Reactor  
  112  7:48  Hellion  
  112  7:49  Hellion  
  123  7:55  SCV  
  123  7:57  SCV  
  125  8:00  SCV  
  125  8:05  Terran Vehicle And Ship Armor Level 1  
  124  8:06  Engineering Bay  
  124  8:11  Hellion x4  
  124  8:12  Cyclone  
  133  8:16  Supply Depot  
  133  8:18  Supply Depot  
  132  8:21  Liberator  
  132  8:23  Liberator  
  132  8:26  Mag-Field Accelerator  
  131  8:28  Command Center  
  131  8:29  Terran Vehicle Weapons Level 2  
  131  8:34  Missile Turret  
  131  8:37  Missile Turret  
  131  8:38  Cyclone x2  
  131  8:39  Missile Turret  
  143  8:48  SCV x3  
  146  8:53  Hellion  
  148  8:58  Hellion  
  148  9:01  Hellion  
  148  9:02  SCV  
  149  9:07  SCV  
  149  9:08  SCV  
  148  9:12  Hellion  
  148  9:14  SCV  
  149  9:24  Supply Depot  
  149  9:26  Supply Depot  
  149  9:29  Siege Tank x2, SCV x2  
  157  9:34  Missile Turret  
  157  9:37  Liberator x2, Supply Depot  
  157  9:38  Supply Depot  
  157  9:46  Siege Tank, SCV x3, Hellion  
  157  9:48  Hellion x2  
  168  9:58  SCV x2  
  176  10:01  Siege Tank x2, SCV  
  177  10:15  Hellion x4  
  177  10:17  Factory  
  177  10:18  Hellion, Factory  
  177  10:19  Liberator  
  187  10:33  Siege Tank  
  190  10:36  Siege Tank  
  190  10:41  Liberator  
  193  10:48  Siege Tank  
  173  11:07  Supply Depot x2  
  173  11:19  Terran Vehicle Weapons Level 3  
  173  11:20  Refinery  
  173  11:26  Refinery  
  173  11:27  Refinery  
  173  11:28  Siege Tank x2, SCV x3  
  173  11:29  Supply Depot  
  173  11:30  Supply Depot  
  182  11:33  Command Center  
  182  11:34  Factory Tech Lab, Hellion x3  
  182  11:35  Factory Tech Lab, Supply Depot  
  182  11:39  Terran Vehicle And Ship Armor Level 2  
  188  11:50  SCV  
  188  11:51  Hellion  
  188  11:52  Hellion  
  193  11:55  Supply Depot, Hellion x3  
  193  12:01  Siege Tank  
  198  12:04  Hellion x2  
  198  12:05  Cyclone  
  198  12:08  Supply Depot  
  177  12:09  Starport Reactor  
  174  12:16  SCV  
  151  12:23  Hellion x2, Cyclone  
  151  12:24  Missile Turret  
  156  12:33  Cyclone x2, Hellion x2  
  156  12:34  Siege Tank  
  156  12:35  Planetary Fortress  
  169  12:52  Hellion  
  169  12:53  Cyclone, Hellion  
  169  12:55  Siege Tank  
  169  12:57  Liberator x2  
  157  13:08  Siege Tank, Hellion x2  
  157  13:12  Hellion  
  149  13:13  Missile Turret  
  149  13:17  Hellion  
  154  13:21  Hellion x2  
  154  13:23  Planetary Fortress  
  154  13:24  SCV  
  154  13:25  Siege Tank, SCV x2  
  164  13:27  Siege Tank  
  164  13:33  Siege Tank, Missile Turret  
  166  13:34  Hellion  
  166  13:36  SCV  
  166  13:40  Liberator, Hellion x2  
  171  13:44  Siege Tank  
  171  13:47  Hellion  
  151  13:59  SCV x3  
  151  14:01  Hellion x2, Cyclone  
  137  14:07  SCV  
  135  14:10  SCV  
  135  14:11  SCV x3  
  135  14:16  Siege Tank  
  142  14:21  Hellion  
  142  14:22  SCV  
  142  14:23  SCV  
  146  14:27  SCV  
  146  14:28  SCV  
  146  14:29  SCV  
  149  14:34  SCV  
  149  14:35  Siege Tank  
  153  14:40  Hellion  
  155  14:49  Missile Turret  
  155  14:50  Hellion x2  
  155  14:51  Cyclone  
  136  15:02  SCV, Hellion  
  136  15:06  SCV  
  136  15:07  SCV x3  
  136  15:12  Cyclone  
  136  15:14  Liberator  
  129  15:16  Cyclone  
  129  15:19  SCV  
  129  15:20  SCV  
  129  15:21  SCV  
  133  15:25  SCV  
  133  15:28  Hellion  
  133  15:29  SCV  
  133  15:35  SCV  
  138  15:37  SCV x2  
  138  15:38  Liberator  
  138  15:42  SCV  
  141  15:43  Hellion, Cyclone  
  141  15:44  Hellion  
  145  15:51  Hellion  
  145  15:52  Hellion  
  145  15:54  Cyclone  
  145  15:57  Liberator  
  151  16:06  Siege Tank x2  
  151  16:08  Hellion  
  152  16:12  Hellion  
  152  16:14  Hellion  
  152  16:17  Siege Tank  
  159  16:21  Liberator  
  159  16:29  Refinery, Sensor Tower  
  159  16:33  Siege Tank x2  
  159  16:38  Siege Tank  
  159  16:39  Liberator  
  165  16:43  Hellion x2  
  165  16:46  Siege Tank  
  172  16:48  Orbital Command  
  172  17:00  Hellion, Cyclone  
  172  17:01  Hellion  
  179  17:04  Liberator  
  179  17:06  Hellion  
  179  17:08  Siege Tank  
  184  17:09  Siege Tank  
  180  17:16  Siege Tank  
  174  17:27  Sensor Tower  
  174  17:31  Hellion  
  174  17:36  Hellion, Cyclone  
  174  17:37  Siege Tank, Command Center x2  
  178  17:42  Hellion  
  178  17:43  Orbital Command  
  183  17:46  Hellion x2  
  183  17:50  Armory  
  187  17:52  Hellion x2  
  187  17:56  Orbital Command  
  191  18:03  Cyclone  
  180  18:08  Cyclone x2  
  180  18:09  Cyclone  
  180  18:10  Hellion  
  191  18:13  Cyclone  
  191  18:14  Hellion  
  191  18:16  Hellion  
  191  18:17  Hellion  
  193  18:21  Refinery  
  193  18:24  Refinery, Command Center  
  193  18:25  Refinery  
  193  18:31  Hellion  
  193  18:35  Hellion, Cyclone  
  193  18:40  Cyclone x2  
  196  18:42  Liberator, Hellion  
  192  18:50  Orbital Command x2, Hellion  
  192  18:52  Command Center  
  192  18:53  Hellion  
  188  19:10  Cyclone x2, Hellion x3  
  195  19:17  Hellion x2, Cyclone  
  195  19:20  Hellion  
  169  19:31  Hellion  
  169  19:32  Hellion x2  
  171  19:39  Hellion x2  
  171  19:42  Cyclone x2  
  171  19:43  Hellion  
  180  19:50  Hellion  
  183  19:53  Hellion, Cyclone  
  179  20:04  Cyclone  
  179  20:05  Hellion  
  149  20:10  Hellion x2  
  149  20:11  Cyclone  
  149  20:14  Hellion, Cyclone x2  
  149  20:25  Hellion  
  149  20:26  Hellion  
  149  20:27  Starport  
  150  20:28  Starport  
  150  20:30  Starport Tech Lab  
  150  20:31  Hellion x2  
  154  20:36  Orbital Command  
  154  20:41  Hellion x2  
  156  20:43  Cyclone  
  156  20:46  Cyclone x2  
  156  20:49  Siege Tank  
  163  20:54  Banshee  
  160  20:57  Hyperflight Rotors  
  160  21:03  Siege Tank  
  153  21:13  Hellion  
  153  21:15  Siege Tank, Hellion  
  153  21:18  Siege Tank x2  
  135  21:23  Siege Tank  
  135  21:24  Hellion  
  141  21:29  Starport Tech Lab  
  141  21:30  Starport Tech Lab  
  141  21:32  Hellion  
  143  21:35  Siege Tank  
  143  21:36  Hellion  
  143  21:37  Banshee  
  151  21:47  Siege Tank  
  151  21:50  Banshee x2  
  151  21:51  Cloaking Field  
  160  21:59  Siege Tank  
  160  22:00  SCV x4, Hellion  
  160  22:01  SCV  
  167  22:06  Siege Tank  
  172  22:08  Hellion  
  172  22:13  Hellion  
  168  22:20  Banshee  
  167  22:23  SCV x3  
  167  22:26  Orbital Command  
  167  22:29  Engineering Bay  
  170  22:31  SCV x2  
  170  22:33  Banshee x2  
  170  22:35  SCV  
  179  22:37  Orbital Command, Siege Tank  
  182  22:48  SCV x3  
  180  22:52  Siege Tank  
  180  22:53  Hellion x4  
  180  22:54  Hellion  
  193  22:59  Hellion  
  193  23:02  Banshee  
  193  23:03  Hellion  
  198  23:10  Hellion  
  195  23:15  Siege Tank  
  195  23:19  Hellion x2  
  175  23:20  Siege Tank, Banshee  
  175  23:22  Hellion  
  175  23:26  Siege Tank  
  176  23:28  SCV, Hellion x2  
  176  23:29  SCV  
  176  23:33  SCV x2  
  172  23:39  Hellion  
  173  23:49  Hellion  
  173  23:51  Hellion  
  173  23:59  Refinery  
  173  24:00  Refinery  
  173  24:01  SCV  
Show
View Real Time Build Order
Export as new Build Order

Nerchio Zerg 

Build Orders: Pool First, Muta Ling Bane, Swarm Host 

Get SALT Encoding   

  12  0:00  Drone  
  13  0:12  Overlord  
  13  0:18  Drone  
  14  0:30  Drone x2  
  14  0:34  Drone  
  17  0:45  Spawning Pool  
  17  0:48  Drone  
  17  0:55  Extractor  
  17  0:56  Drone  
  17  1:15  Hatchery  
  17  1:18  Drone  
  17  1:22  Drone  
  18  1:32  Zergling x2  
  19  1:37  Queen  
  21  1:44  Overlord  
  21  1:56  Metabolic Boost  
  21  1:59  Drone  
  22  2:03  Drone  
  23  2:13  Drone, Queen  
  27  2:22  Zergling x2  
  27  2:28  Zergling x2  
  28  2:33  Zergling x2  
  29  2:38  Zergling x2  
  29  2:47  Drone x4  
  29  2:48  Drone  
  34  3:02  Overlord  
  34  3:09  Hatchery  
  34  3:10  Drone x3  
  36  3:23  Drone x5  
  41  3:33  Drone  
  41  3:34  Drone  
  42  3:43  Overlord x2  
  42  3:59  Queen, Evolution Chamber  
  42  4:01  Queen  
  46  4:02  Zergling x2  
  46  4:03  Zergling x2  
  46  4:05  Zergling x2  
  46  4:06  Zergling x6  
  51  4:10  Zergling x2  
  51  4:14  Drone  
  53  4:18  Drone  
  53  4:22  Drone  
  55  4:25  Drone  
  55  4:32  Drone x2  
  55  4:34  Drone x2  
  55  4:35  Drone  
  55  4:36  Drone, Zerg Ground Armor Level 1  
  55  4:37  Queen  
  63  4:42  Drone  
  64  4:46  Overlord  
  64  4:47  Overlord  
  64  4:51  Queen, Spore Crawler  
  64  4:52  Overlord  
  65  4:54  Overlord  
  65  4:59  Baneling Nest  
  64  5:03  Spine Crawler  
  63  5:07  Zergling x12  
  62  5:15  Drone x2  
  62  5:16  Drone x3  
  62  5:17  Drone  
  67  5:22  Lair  
  67  5:26  Drone x2  
  68  5:30  Drone  
  67  5:37  Drone x2  
  67  5:38  Drone  
  68  5:43  Drone  
  68  5:48  Hatchery  
  68  5:49  Drone  
  70  5:50  Drone  
  70  5:52  Drone x2  
  70  5:56  Drone x2  
  73  5:57  Drone  
  73  6:03  Drone  
  72  6:05  Drone  
  72  6:06  Drone x2  
  72  6:07  Queen  
  77  6:13  Drone x2  
  77  6:14  Extractor  
  77  6:15  Extractor  
  77  6:16  Extractor  
  76  6:24  Drone x6, Extractor, Spire  
  80  6:26  Drone  
  80  6:27  Drone, Extractor  
  80  6:30  Overlord  
  81  6:33  Drone  
  81  6:37  Drone  
  81  6:38  Drone  
  84  6:40  Queen  
  84  6:44  Roach Warren  
  85  6:51  Zergling x14  
  92  6:59  Overlord  
  89  7:08  Zerg Missile Weapons Level 1  
  89  7:10  Drone x3  
  89  7:11  Drone x2  
  89  7:15  Baneling x3  
  94  7:20  Drone x2  
  94  7:21  Drone x2  
  98  7:36  Mutalisk x7  
  111  7:41  Glial Reconstitution  
  108  7:49  Overlord x5  
  106  7:52  Roach x2  
  106  7:56  Hatchery, Overlord  
  108  8:04  Roach x3  
  107  8:15  Roach x9  
  107  8:17  Drone x2  
  107  8:18  Drone  
  107  8:19  Drone  
  129  8:22  Infestation Pit  
  129  8:26  Drone x2  
  130  8:28  Drone  
  130  8:29  Drone x3  
  134  8:35  Roach  
  134  8:36  Roach x3  
  134  8:39  Baneling x2  
  134  8:40  Baneling x3  
  134  8:41  Extractor  
  141  8:45  Overlord x3  
  141  8:53  Overlord  
  141  8:56  Centrifical Hooks  
  137  9:17  Swarm Host x10  
  165  9:29  Zerg Missile Weapons Level 2  
  165  9:36  Roach  
  165  9:37  Roach x5  
  177  9:38  Overlord  
  177  9:40  Zergling x20  
  185  9:48  Baneling x5  
  185  9:52  Roach x2  
  197  9:53  Roach x4  
  187  10:17  Baneling  
  187  10:18  Baneling x18  
  187  10:23  Zergling x26  
  200  10:32  Hatchery  
  198  10:36  Hatchery  
  189  10:47  Roach  
  189  10:48  Roach x10  
  197  10:55  Roach x4  
  188  11:04  Zergling x12  
  188  11:12  Drone  
  188  11:13  Drone x8  
  188  11:16  Pneumatized Carapace  
  191  11:23  Hive  
  191  11:28  Baneling x13  
  191  11:29  Baneling  
  183  11:51  Baneling x12  
  183  11:53  Ravager x5  
  188  11:56  Extractor  
  181  12:06  Zergling x46  
  192  12:08  Zergling x4  
  193  12:20  Swarm Host x6  
  185  12:27  Zergling x12  
  187  12:33  Zergling x10  
  192  12:39  Baneling x11  
  190  12:47  Baneling x4  
  190  12:48  Baneling x8  
  190  12:50  Drone x2  
  190  12:51  Extractor  
  189  13:05  Roach x10  
  197  13:08  Zergling x4  
  198  13:17  Baneling x10  
  195  13:25  Zergling x8  
  199  13:31  Roach x3  
  193  13:41  Roach x7  
  200  13:43  Roach  
  200  13:46  Roach  
  193  13:51  Roach x2  
  193  13:55  Roach x2  
  184  13:59  Roach x2  
  184  14:01  Roach  
  180  14:03  Roach  
  180  14:04  Roach  
  180  14:06  Roach  
  180  14:08  Roach  
  168  14:13  Zergling x2  
  168  14:14  Zergling x8  
  168  14:17  Drone x3  
  168  14:23  Roach x2  
  169  14:25  Ravager x2  
  169  14:26  Ravager x4  
  172  14:35  Roach x6  
  180  14:49  Roach x5  
  180  14:50  Roach x2  
  184  14:53  Roach  
  184  14:56  Roach  
  184  14:57  Roach  
  171  15:01  Roach x2  
  171  15:04  Roach  
  160  15:09  Drone x4  
  160  15:17  Drone x2  
  160  15:18  Drone  
  154  15:22  Roach  
  154  15:23  Roach x2  
  160  15:30  Zergling x12  
  160  15:35  Queen  
  166  15:36  Drone x3  
  171  15:44  Zergling x6  
  171  15:45  Queen x3  
  180  15:50  Zergling x2  
  180  15:51  Zergling x6  
  182  15:58  Baneling x12  
  182  16:05  Drone x6  
  186  16:15  Drone, Queen  
  186  16:16  Drone x2  
  190  16:18  Zerg Missile Weapons Level 3  
  190  16:23  Zergling x2  
  190  16:24  Zergling x6  
  190  16:25  Baneling x3  
  194  16:26  Baneling  
  194  16:30  Baneling  
  194  16:31  Baneling x4  
  194  16:32  Baneling  
  194  16:39  Zergling x2  
  193  16:40  Zergling x12  
  193  16:44  Drone  
  193  16:45  Drone x3  
  196  16:57  Ravager x3  
  194  17:13  Hatchery, Roach  
  194  17:14  Roach x2  
  194  17:16  Drone x5  
  194  17:21  Drone x3  
  194  17:22  Drone  
  195  17:48  Zergling x2  
  195  17:49  Overlord x2  
  196  17:52  Queen  
  148  18:06  Roach x21  
  148  18:11  Roach x3  
  196  18:15  Roach  
  196  18:16  Roach  
  196  18:19  Baneling x4  
  197  18:20  Baneling  
  197  18:24  Zergling x2  
  197  18:25  Zergling x2  
  178  18:41  Roach  
  178  18:42  Roach x8  
  178  18:44  Roach  
  178  18:45  Roach  
  178  18:46  Baneling  
  178  18:47  Baneling x3  
  175  18:52  Ravager x9  
  175  18:55  Zerg Ground Armor Level 2, Roach x2  
  188  18:59  Overseer  
  188  19:08  Roach x7  
  192  19:16  Roach x3  
  182  19:24  Roach x6  
  182  19:29  Roach x2  
  187  19:35  Roach  
  187  19:36  Roach x4  
  193  19:40  Zergling x10  
  193  19:45  Zergling x8  
  196  19:50  Zergling x8  
  168  20:06  Zergling x24  
  163  20:10  Drone  
  164  20:14  Drone  
  164  20:20  Infestor x2  
  165  20:22  Roach x5  
  165  20:26  Roach  
  177  20:32  Baneling x22  
  177  20:40  Roach x2  
  177  20:41  Roach x2  
  178  20:55  Roach x6  
  189  21:08  Roach x6  
  173  21:18  Roach x4  
  179  21:30  Drone  
  180  21:33  Drone  
  180  21:34  Drone x6  
  180  21:37  Drone x2  
  189  21:40  Drone  
  189  21:46  Infestor  
  182  21:52  Drone x4  
  181  21:58  Drone  
  181  21:59  Drone x2  
  180  22:07  Drone  
  180  22:08  Drone x3  
  177  22:17  Drone  
  177  22:18  Drone  
  179  22:39  Roach, Overlord  
  181  22:45  Zergling x28  
  195  22:56  Overlord  
  193  23:06  Baneling  
  193  23:07  Baneling x15  
  183  23:17  Roach  
  183  23:18  Roach x4  
  156  23:20  Ravager  
  156  23:21  Ravager x4  
  156  23:23  Hatchery  
  150  23:28  Spore Crawler  
  150  23:30  Corruptor  
  150  23:33  Corruptor  
  134  23:44  Corruptor  
  134  23:47  Overseer  
  120  23:49  Spore Crawler  
  120  23:51  Drone x7  
  120  23:53  Drone  
Tags
 
Add a new tag
Caveats
  • Supply blocks, unpowered buildings, or Contaminate may cause inaccurate times.
  • Supply counts are checked every 10 seconds.